Map: 얼어붙은 사원

Players

Betelgeuse

  • Race: Terran Terran
  • League: Master

llllllllllll (Scarlett) - Winner!

  • Race: Zerg Zerg
  • League: Grandmaster

VOD

Have the link to the VOD?

Description

Time

  • Played on: April 14, 2016, 1:18 p.m.
  • Length: 13:55
Show
View Real Time Build Order
Export as new Build Order

Betelgeuse Terran 

Build Orders: Reaper Expand, MMM Bio 

Get SALT Encoding   

  12  0:00  SCV  
  13  0:12  SCV  
  14  0:17  Supply Depot  
  14  0:25  SCV  
  15  0:39  SCV  
  15  0:40  Barracks  
  16  0:43  Refinery  
  16  0:51  SCV  
  17  1:03  SCV  
  18  1:18  SCV  
  19  1:28  Reaper  
  19  1:30  Orbital Command  
  20  1:41  Command Center  
  20  1:53  Supply Depot  
  20  1:57  Refinery, SCV  
  21  2:05  Marine  
  22  2:09  SCV  
  23  2:17  Factory  
  23  2:22  SCV  
  24  2:34  SCV  
  25  2:40  Barracks Reactor  
  25  2:46  SCV  
  26  2:55  Orbital Command  
  26  2:58  SCV  
  27  3:02  Hellion  
  29  3:07  Bunker  
  29  3:09  Starport  
  29  3:10  SCV  
  30  3:18  Marine x2  
  32  3:24  SCV  
  32  3:26  Hellion  
  34  3:27  SCV  
  35  3:45  SCV x2  
  37  3:49  Medivac  
  37  3:51  Marine  
  37  3:53  Hellion  
  37  3:54  Hellion, Armory  
  44  3:58  SCV  
  44  4:01  Supply Depot  
  44  4:02  SCV  
  46  4:03  Supply Depot  
  46  4:12  SCV  
  46  4:14  SCV  
  49  4:19  Hellion x2  
  49  4:20  Liberator  
  49  4:22  Barracks Tech Lab  
  52  4:27  SCV  
  53  4:34  SCV  
  57  4:40  Hellion x2  
  57  4:43  Marine, Stimpack  
  62  4:47  SCV x2  
  64  4:58  Hellion  
  64  5:05  SCV  
  58  5:12  Marine  
  59  5:17  Command Center, SCV x2  
  61  5:24  Starport Reactor  
  61  5:25  Factory Reactor, Engineering Bay  
  61  5:28  Engineering Bay  
  61  5:29  SCV  
  61  5:30  Barracks  
  61  5:32  SCV  
  61  5:33  Barracks  
  63  5:41  SCV  
  62  5:53  SCV  
  59  5:57  Marine  
  59  6:00  Terran Infantry Armor Level 1, Terran Infantry Weapons Level 1  
  56  6:05  SCV  
  57  6:17  SCV x2  
  59  6:19  Refinery  
  59  6:20  Barracks, Marine x2  
  59  6:21  Barracks, Factory Reactor  
  59  6:22  Marine x2, Refinery  
  63  6:25  Terran Vehicle Weapons Level 1  
  63  6:27  Medivac x2  
  63  6:31  SCV x2  
  69  6:36  Supply Depot  
  69  6:37  Supply Depot  
  69  6:39  Marine x2  
  71  6:40  Marine  
  71  6:45  SCV, Supply Depot  
  73  6:53  Barracks Reactor  
  73  6:57  SCV  
  73  6:59  Orbital Command  
  73  7:00  Marine, Supply Depot  
  73  7:01  Marine  
  76  7:06  SCV  
  76  7:07  Supply Depot  
  77  7:09  SCV  
  77  7:10  Marine x2  
  77  7:12  Combat Shields, Barracks Reactor  
  77  7:13  Hellion x2  
  84  7:22  Supply Depot, SCV  
  85  7:23  Marine  
  85  7:24  Marine x2  
  85  7:26  Supply Depot  
  85  7:27  Medivac x2, Factory  
  85  7:28  Marine x2  
  85  7:29  Marine  
  95  7:32  Refinery, SCV x2  
  97  7:37  Missile Turret  
  97  7:38  Missile Turret  
  97  7:41  Marine  
  97  7:44  SCV  
  99  7:45  Missile Turret  
  99  7:49  Marine x3  
  99  7:50  Marine  
  103  7:56  Marine x4  
  103  7:57  Hellion x2  
  108  8:01  Refinery  
  108  8:03  Terran Infantry Weapons Level 2, Terran Infantry Armor Level 2  
  108  8:10  Barracks  
  108  8:15  Marine x5  
  113  8:22  Marine x2  
  113  8:23  Factory Tech Lab, Hellion x2  
  119  8:28  SCV  
  120  8:36  Supply Depot  
  120  8:37  Marine x2, Supply Depot  
  122  8:44  Bunker  
  120  8:55  Marine x2  
  122  8:56  Infernal Pre-Igniter, Thor  
  122  8:57  Hellion, Terran Vehicle Weapons Level 2  
  122  8:58  Barracks Tech Lab  
  122  9:01  Barracks  
  129  9:18  Marine  
  129  9:19  Marine  
  129  9:21  Marine x4  
  129  9:22  Marauder  
  136  9:27  SCV x2  
  136  9:29  Hellion x2, Medivac x2  
  146  9:34  Supply Depot  
  146  9:40  Marine x3  
  149  9:46  Thor  
  149  9:50  Hellion  
  157  9:56  Concussive Shells, Hellion, Barracks Tech Lab  
  157  9:57  Marauder, Supply Depot  
  157  9:59  Sensor Tower  
  161  10:02  Supply Depot  
  161  10:05  SCV  
  161  10:09  Marauder  
  161  10:12  Medivac  
  165  10:19  Marauder x2  
  165  10:20  Supply Depot  
  169  10:30  Marine x3  
  169  10:31  Marauder  
  169  10:32  Hellion x2  
  178  10:42  Terran Infantry Armor Level 3, Terran Infantry Weapons Level 3  
  178  10:44  Marauder  
  178  10:49  Marine x5  
  184  10:56  Marine  
  184  10:57  Marine, Marauder  
  177  11:05  Marine x3  
  177  11:07  Marine  
  158  11:15  Marine x3  
  157  11:19  Marauder  
  157  11:23  Marine x2  
  101  11:44  Marine x3  
  101  11:45  Marauder  
  106  11:48  Marine x3  
  106  11:53  Marine x2  
  63  12:10  Marine  
  63  12:11  Marine  
  63  12:12  Hellion, Medivac  
  63  12:13  Hellion  
  67  12:17  Marine  
  62  12:27  Marine x2, Marauder x2  
  64  12:36  Hellion  
  68  12:37  Hellion  
  68  12:39  Marine  
  68  12:42  Thor  
  75  12:44  Medivac x2  
  79  12:55  Marine  
  79  12:56  Marine x2, Marauder  
  82  13:01  Marauder  
  82  13:02  Marine x2  
  82  13:03  Marine  
  87  13:12  Hellion x2  
  91  13:14  Medivac  
  91  13:16  Marine  
  91  13:19  Medivac  
  43  13:36  Marine x2  
Show
View Real Time Build Order
Export as new Build Order

llllllllllll Zerg - Winner!

Build Orders: Hatch First, Muta Ling Bane 

Get SALT Encoding   

  12  0:00  Drone  
  13  0:08  Drone  
  14  0:18  Overlord  
  14  0:23  Extractor, Drone  
  15  0:36  Drone x2  
  17  0:52  Hatchery  
  17  0:55  Drone  
  17  0:59  Drone  
  18  1:10  Spawning Pool  
  17  1:13  Extractor  
  17  1:15  Drone  
  17  1:21  Drone  
  18  1:28  Drone  
  19  1:42  Overlord  
  19  1:55  Drone  
  19  1:59  Queen  
  19  2:00  Zergling x2  
  23  2:03  Queen  
  23  2:04  Zergling x2  
  26  2:13  Metabolic Boost  
  26  2:15  Drone  
  26  2:38  Drone x5  
  26  2:39  Queen  
  33  2:47  Overlord  
  33  2:52  Drone  
  34  2:58  Overlord  
  34  3:00  Drone  
  34  3:03  Spore Crawler  
  34  3:12  Drone x4  
  39  3:24  Queen  
  39  3:26  Overlord, Drone  
  39  3:27  Drone x3  
  45  3:36  Hatchery  
  44  3:41  Zergling x2  
  44  3:42  Zergling x2  
  44  3:44  Extractor  
  44  3:45  Extractor, Drone  
  44  3:47  Baneling Nest  
  44  3:51  Drone  
  45  3:57  Drone  
  45  3:58  Drone x3  
  45  4:00  Queen  
  51  4:16  Drone x2  
  53  4:21  Evolution Chamber x2  
  53  4:23  Drone x2  
  53  4:30  Drone x4  
  56  4:33  Lair, Drone  
  56  4:34  Drone x2  
  59  4:44  Baneling x3  
  59  4:45  Overlord  
  59  4:51  Zergling x6  
  59  4:52  Zerg Ground Armor Level 1, Zerg Melee Weapons Level 1  
  61  5:12  Drone x8  
  69  5:17  Extractor  
  68  5:28  Baneling x3  
  68  5:29  Zergling x12  
  68  5:30  Extractor x2  
  68  5:34  Spire, Drone x2  
  69  5:54  Drone x10  
  71  6:08  Drone x2  
  71  6:09  Spore Crawler, Drone x2  
  71  6:10  Overlord x3  
  73  6:21  Hatchery  
  70  6:27  Drone  
  70  6:30  Drone x2  
  70  6:31  Drone  
  74  6:33  Drone x5  
  74  6:38  Drone x2  
  74  6:39  Drone x4  
  85  6:48  Hatchery  
  85  6:49  Zerg Flyer Weapons Level 1  
  84  6:54  Mutalisk  
  84  6:55  Mutalisk  
  84  6:58  Pneumatized Carapace  
  84  7:00  Mutalisk  
  89  7:05  Zerg Melee Weapons Level 2  
  89  7:09  Zerg Ground Armor Level 2  
  89  7:13  Mutalisk x2  
  93  7:15  Overlord  
  93  7:17  Overlord  
  93  7:19  Overlord  
  93  7:24  Mutalisk x2  
  93  7:28  Overlord  
  97  7:30  Overlord  
  97  7:35  Drone x4  
  99  7:37  Mutalisk  
  99  7:38  Mutalisk  
  99  7:39  Overseer x2  
  103  7:47  Drone x7  
  110  7:52  Zergling x2  
  110  7:53  Zergling x4  
  113  8:04  Zergling x18  
  122  8:05  Baneling  
  122  8:06  Baneling x3  
  122  8:10  Zergling x2  
  122  8:11  Zergling x4  
  125  8:13  Mutalisk  
  125  8:14  Mutalisk, Extractor x2  
  125  8:16  Zergling x4  
  125  8:18  Mutalisk  
  125  8:19  Mutalisk  
  133  8:24  Drone  
  133  8:25  Drone x5  
  139  8:27  Drone x2  
  139  8:30  Drone  
  139  8:34  Mutalisk x3  
  142  8:38  Mutalisk  
  142  8:40  Infestation Pit  
  149  8:46  Overlord x2  
  149  8:47  Overlord x3  
  149  8:51  Zerg Flyer Armor Level 1  
  149  9:04  Zergling x2  
  149  9:05  Baneling x8  
  149  9:06  Centrifical Hooks  
  149  9:08  Zergling x26  
  163  9:16  Zergling x2  
  163  9:17  Zergling x16  
  171  9:24  Zergling x16  
  174  9:27  Hive  
  179  9:47  Baneling  
  179  9:48  Baneling x10  
  179  9:49  Zergling x20  
  189  9:59  Hatchery  
  188  10:11  Zergling x2  
  188  10:13  Overlord x2  
  189  10:33  Zergling x24  
  199  10:39  Adrenal Glands  
  199  10:40  Zerg Ground Armor Level 3, Pathogen Glands, Zerg Melee Weapons Level 3  
  199  10:41  Ultralisk Cavern  
  198  10:47  Zergling x2  
  199  10:57  Zergling x2  
  192  11:04  Baneling  
  192  11:05  Baneling x5, Zergling x2  
  192  11:06  Zergling x12  
  183  11:13  Zergling x18  
  183  11:14  Zergling x14  
  145  11:26  Zergling x16  
  145  11:27  Zergling x6  
  145  11:31  Baneling x9  
  145  11:32  Baneling x3  
  139  11:41  Zergling x20  
  139  11:43  Zergling x2  
  120  11:55  Mutalisk x7  
  120  11:57  Chitinous Plating  
  120  11:59  Ultralisk  
  135  12:02  Ultralisk  
  135  12:03  Ultralisk x2  
  135  12:05  Ultralisk  
  135  12:06  Zergling x2  
  154  12:23  Queen  
  156  12:30  Zergling x10  
  156  12:31  Zergling x32  
  175  12:40  Overseer  
  175  12:44  Ultralisk x2  
  187  12:48  Ultralisk  
  193  12:58  Zergling x16  
  196  13:00  Baneling  
  196  13:01  Baneling x9  
  196  13:03  Baneling x6  
  200  13:12  Extractor x2  
  180  13:33  Zergling x2  
  180  13:34  Zergling x46  
Tags
 
Add a new tag
Caveats
  • Supply blocks, unpowered buildings, or Contaminate may cause inaccurate times.
  • Supply counts are checked every 10 seconds.